 Dungeon Crawl Stone Soup version 0.31-a0-188-g5e087ee2ca (webtiles) character file.

Game seed: 1765614148090428241

59 qw the Shooter (level 3, -9/20 HPs)
             Began as a Deep Elf Hunter on June 23, 2023.
             Killed by divine providence
             ... invoked by an orc priest
              (11 damage)
             ... on level 3 of the Dungeon.
             The game lasted 00:00:26 (1368 turns).

qw the Shooter (Deep Elf Hunter)                    Turns: 1368, Time: 00:00:26

Health: -9/20      AC:  6    Str: 13    XL:     3   Next: 78%
Magic:  5/5        EV: 11    Int: 13    God:
Gold:   125        SH:  0    Dex: 18    Spells: 2/2 levels left

rFire   . . .        Y - +0 shortbow
rCold   . . .        (shield currently unavailable)
rNeg    . . .        a - +0 ring mail
rPois   .            f - +0 helmet
rElec   +            (no cloak)
rCorr   .            (no gloves)
SInv    .            (no boots)
Will    .....        (no amulet)
Stlth   +            d - ring "Uhoeha" {Wiz rElec Str+3}
HPRegen 0.23/turn    (no ring)
MPRegen 0.09/turn

%: wizardry (x1)
@: no status effects
A: no striking features
a: no special abilities


You were on level 3 of the Dungeon.
You visited 1 branch of the dungeon, and saw 3 of its levels.

You collected 125 gold pieces.


   Skills:
 - Level 1.5 Fighting
 + Level 7.3 Ranged Weapons
 - Level 2.4 Dodging
 - Level 1.2 Stealth


You had 2 spell levels left.
You didn't know any spells.
Your spell library was empty.

Inventory:

Hand Weapons
 Y - a +0 shortbow (weapon)
Armour
 a - a +0 ring mail (worn)
 f - a +0 helmet (worn)
Jewellery
 d - the ring "Uhoeha" (left hand) {Wiz rElec Str+3}
   (You found it on level 2 of the Dungeon)

   [ring of wizardry]

   It improves your spell success rate.
   Str:       It affects your strength (+3).
   rElec:     It insulates you from electricity.

Dungeon Overview and Level Annotations

Branches:
Dungeon (3/15)

Altars:

Shops:
D:1 :


Message History

1325 ||| DROPPING +0 leather armour.
You drop a +0 leather armour.
Done exploring.
1326 ||| UPGRADING to ring "Uhoeha" {Wiz rElec Str+3}.
You feel stronger.
d - the ring "Uhoeha" (left hand) {Wiz rElec Str+3} Done exploring.
1327 ||| READING scroll labelled VOINWY XEERE.
As you read the scroll labelled VOINWY XEERE, it crumbles to dust.
You hear a loud clanging noise!
It was a scroll of noise.
Done exploring.
1328 ||| READING scroll labelled QIUGHU BUCEEJA.
Blink to where?
Press: ? - help, Dir - move target, f - you Are you sure you want to cancel this blink?
As you read the scroll labelled QIUGHU BUCEEJA, it crumbles to dust.
It was a scroll of blinking.
Done exploring.
(D) Dungeon
Where to? (* - list waypoints, Enter - D:2, ? - help)
What level of the Dungeon? (default 1, ? - help)
There is a stone staircase leading down here.
You climb downwards.
The orc shouts!
The orc priest shouts!
The orc shouts! x3
There is a stone staircase leading up here.
There are monsters nearby!
Waypoint 2 assigned to D:3.
You shoot an arrow. The arrow hits the orc!
You kill the orc!
You shoot an arrow. The arrow hits the orc priest.
The orc priest is lightly wounded.
The orc hits you with a +0 flail. x2
The orc priest mumbles some strange prayers to Beogh against you.
Pain shoots through your body!
Ouch! That really hurt!
1368 ||| STAIRDANCE The orc barely misses you.
The orc closely misses you.
The orc priest calls down the wrath of Beogh upon you.
Beogh smites you!
Ouch! That really hurt!
You die...

#########
#..)....#
#...@...#
#..ooo..#
#...o.......
#.........##
#.......#...
#.......# ##
#########


You could see an orc priest and 3 orcs.

Vanquished Creatures
  An adder (D:2)
  A dart slug (D:2)
  An orc (D:3)
  6 ball pythons (D:1)
  5 endoplasms (D:2)
  5 goblins
  2 hobgoblins
  6 jackals (D:2)
  2 quokkas (D:1)
  4 bats (D:1)
  A frilled lizard (D:1)
  4 kobolds (D:1)
  4 rats
42 creatures vanquished.

Notes
Turn   | Place    | Note
-------+----------+-------------------------------------------
     0 | D:1      | qw the Deep Elf Hunter began the quest for the Orb.
     0 | D:1      | Reached XP level 1. HP: 12/12 MP: 3/3
     0 | D:1      | 0 ||| qw: Version: 0.3-a-9-g12657ce
     0 | D:1      | 0 ||| qw: Game counter: 3619
     0 | D:1      | 0 ||| qw: Always use a shield: true
     0 | D:1      | 0 ||| qw: God list: Okawaru
     0 | D:1      | 0 ||| qw: Allow faded altars: false
     0 | D:1      | 0 ||| qw: Do Orc after D:15 true
     0 | D:1      | 0 ||| qw: Do second Lair branch before Depths: true
     0 | D:1      | 0 ||| qw: Lair rune preference: random
     0 | D:1      | 0 ||| qw: Plans: Normal
     0 | D:1      | 0 ||| PLANNING D:1-11
   358 | D:1      | Reached XP level 2. HP: 16/16 MP: 4/4
   361 | D:1      | Found Cymufon's Book Emporium.
   363 | D:1      | Reached skill level 6 in Ranged Weapons
   698 | D:1      | 698 ||| UPGRADING to +0 helmet.
   703 | D:1      | 703 ||| DROPPING amulet of magic regeneration.
   704 | D:1      | 704 ||| READING scroll labelled OLEYTI DIOPTOD.
   705 | D:1      | 705 ||| DROPPING scroll of butterflies.
   758 | D:2      | Reached XP level 3. HP: 20/20 MP: 5/5
   884 | D:2      | Reached skill level 7 in Ranged Weapons
  1005 | D:2      | Identified the ring "Uhoeha" {Wiz rElec Str+3}
  1315 | D:2      | 1315 ||| UPGRADING to +0 ring mail.
  1325 | D:2      | 1325 ||| DROPPING +0 leather armour.
  1326 | D:2      | 1326 ||| UPGRADING to ring "Uhoeha" {Wiz rElec Str+3}.
  1327 | D:2      | 1327 ||| READING scroll labelled VOINWY XEERE.
  1328 | D:2      | 1328 ||| READING scroll labelled QIUGHU BUCEEJA.
  1367 | D:3      | HP: 2/20 [orc priest/nerve-wracking pain (13)]
  1368 | D:3      | 1368 ||| STAIRDANCE
  1368 | D:3      | Killed from afar by an orc priest

Levels and vault maps discovered:
D:1:      onia_arrival_pyramid, layout_basic, serial_shops,
          nicolae_diamond_shop, hangedman_decor_push
D:2:      layout_loops_ring, nicolae_elevator_lobby_asterisk
D:3:      layout_rooms, nicolae_grassy_gnolls, uniq_crazy_yiuf_cottage,
          uniq_ijyb

Skill      XL: |  1  2  3 |
---------------+----------+-----
Ranged Weapons | 6 7 |  7.3
Fighting       | |  1.5
Dodging        | |  2.4
Stealth        | |  1.2

Action                     || total
---------------------------++-------
   Fire: Shortbow          ||    85
    Use: Scroll            ||     3
 Armour: Leather armour    ||     3
  Dodge: Dodged            ||     8

Table legend:
 A = Non-vault XP
 B = Vault XP
 C = Vault XP percentage of total XP
 D = Non-vault monster count
 E = Vault monster count
 F = Vault count percentage of total count
                 A         B        C        D         E       F
            +---------+---------+-------+---------+---------+-------
      Total |      85 |       0 |   0.0 |      42 |       0 |   0.0
            +---------+---------+-------+---------+---------+-------
        D:1 |      37 |       0 |   0.0 |      24 |       0 |   0.0
        D:2 |      45 |       0 |   0.0 |      17 |       0 |   0.0
        D:3 |       3 |       0 |   0.0 |       1 |       0 |   0.0
            +---------+---------+-------+---------+---------+-------
